 Dungeon Crawl Stone Soup version 0.29-a0-451-gfbfa42419e (webtiles) character file.

Game seed: 5617242365617643817

2338 iguanaiguana the Fighter (level 9, 0/77 (83) HPs)
             Began as a Minotaur Cinder Acolyte on May 20, 2022.
             Was a High Priest of Ignis.
             Slain by a wight
             ... wielding a +0 great sword
              (4 damage)
             ... on level 7 of the Dungeon.
             The game lasted 00:10:20 (6592 turns).

iguanaiguana the Fighter (Minotaur Cinder Acolyte)  Turns: 6592, Time: 00:10:21

HP:   0/77 (83)     AC:  9    Str: 18    XL:     9   Next: 19%
MP:   18/18         EV: 10    Int: 11    God:    Ignis [*****.]
Gold: 348           SH:  0    Dex: 12    Spells: 10/10 levels left

rFire   + + .      SeeInvis .   D - +10 long sword of Ziul Ann {venom, rC+ Str-4 Dex+5}
rCold   + . .      Faith    .   (no shield)
rNeg    . . .      Spirit   .   m - +0 ring mail
rPois   .          Reflect  .   (helmet restricted)
rElec   .          Harm     .   G - +0 cloak
rCorr   .          Rampage  .   (no gloves)
Will    +....                   f - +1 pair of boots
Stlth   +.........              E - amulet of Jaett {RegenMP rF+ Slay+3}
HPRegen 0.22/turn               i - ring of willpower
MPRegen 0.56/turn               c - ring of magical power

@: drained
A: horns 2, retaliatory headbutt
a: Renounce Religion, Fiery Armour, Foxfire Swarm, Rising Flame


You were on level 7 of the Dungeon.
You worshipped Ignis.
Ignis was extremely pleased with you.
You visited 1 branch of the dungeon, and saw 7 of its levels.

You collected 348 gold pieces.

Inventory:

Hand Weapons
 p - a +0 war axe
 y - a -1 hand axe of flaming
 D - the +10 long sword of Ziul Ann (weapon) {venom, rC+ Str-4 Dex+5}
   (You found it on level 4 of the Dungeon)

   It poisons the flesh of those it strikes.
   Str:       It affects your strength (-4).
   Dex:       It affects your dexterity (+5).
   rC:        It protects you from cold.
Missiles
 a - a boomerang
 b - 18 poisoned darts
 e - 5 curare-tipped darts (quivered)
 w - 2 silver boomerangs
 F - a throwing net
Armour
 f - a +1 pair of boots (worn)
 m - a +0 ring mail (worn)
 G - a +0 cloak (worn)
Jewellery
 c - a ring of magical power (right hand)
 i - a ring of willpower (left hand)
 B - an amulet of guardian spirit
 E - the amulet of Jaett (around neck) {RegenMP rF+ Slay+3}
   (You found it on level 5 of the Dungeon)

   [amulet of magic regeneration]

   It increases your rate of magic regeneration.
   Slay:      It affects your accuracy & damage with ranged weapons and melee
   (+3).
   rF:        It protects you from fire.
Wands
 o - a wand of flame (36)
 A - a wand of paralysis (19)
Scrolls
 g - a scroll of amnesia {unknown}
 j - 3 scrolls of immolation {unknown}
 k - 4 scrolls of fog {unknown}
 r - 3 scrolls of poison {unknown}
 s - 2 scrolls of silence {unknown}
 t - 3 scrolls of enchant weapon {unknown}
 u - a scroll of noise {unknown}
 H - a scroll of vulnerability {unknown}
Potions
 d - 5 potions of heal wounds {@q2}
 h - 3 potions of berserk rage
 l - 5 potions of curing {@q1}
 n - 2 potions of flight {unknown}
 q - a potion of resistance {unknown}
 v - 2 potions of mutation
 x - a potion of haste {unknown}
 z - a potion of magic {unknown}
 C - 2 potions of lignification {unknown}
 I - a potion of cancellation {unknown}


   Skills:
 + Level 9.2 Fighting
 - Level 8.0 Long Blades
 - Level 7.5 Axes
 - Level 6.0 Armour
 - Level 1.0 Spellcasting
 - Level 2.1 Fire Magic


You had 10 spell levels left.
You didn't know any spells.
Your spell library contained the following spells:

 Spells                   Type           Power      Damage    Failure   Level
 Scorch                   Fire           10%        2d5       32%         2
 Corpse Rot               Necr/Pois/Air  0%         N/A       99%         4
 Dispel Undead            Necr           0%         3d6       99%         4
 Death Channel            Necr           0%         N/A       100%        6


Dungeon Overview and Level Annotations

Branches:
Dungeon (7/15)             Temple (0/1) D:6

Altars:
Ru
Trog
Xom


Innate Abilities, Weirdness & Mutations

You have a pair of horns on your head.
You reflexively headbutt those who attack you in melee.


Message History

Found a robe.
I - a fuming amethyst potion
Found a robe. 2 wights come into view.
A wight comes into view. It is wielding a +0 great sword.
The wight hits you with a +4 falchion.
You see here 19 gold pieces.
You slash the wight! You headbutt the wight!
You destroy the wight!
Your Fighting skill increases to level 9!
You hit the wight but do no damage. The wight hits you with a +6 flail!
You hit the wight.
The wight is lightly damaged.
The wight hits you with a +6 flail!
You slash the wight!
You destroy the wight!
A wight comes into view. It is wielding a +4 dire flail.
The wight hits you with a +0 great sword!
You feel drained.
* * * LOW HITPOINT WARNING * * *
Items here: )) [[.
You slash the wight!
The wight is heavily damaged.
The wight hits you with a +0 great sword.
* * * LOW HITPOINT WARNING * * *
You feel drained.
* * * LOW HITPOINT WARNING * * *
You hit the wight.
The wight is severely damaged.
The wight hits you with a +0 great sword!!
* * * LOW HITPOINT WARNING * * *
You barely miss the wight.
The wight is severely damaged.
The wight closely misses you.
You barely miss the wight.
The wight is severely damaged.
The wight hits you with a +0 great sword!
* * * LOW HITPOINT WARNING * * *
You feel drained.
You die...

.###..........
...#........##
............####
................
...[.........#
............##
............# .
............########....
...............$@zz.....
#####.....##########....
##....# . #..... .
#...... . ....#### .....
.....


You could see 2 wights.

Vanquished Creatures
  4 yaks (D:6)
  An acid dragon (D:6)
  Edmund (D:5)
  A water moccasin (D:6)
  2 ice beasts
  An ogre (D:5)
  A centaur (D:6)
  A phantom (D:7)
  2 bullfrogs (D:7)
  3 scorpions (D:5)
  2 wights (D:7)
  2 hounds (D:6)
  3 gnoll shamans
  5 orc wizards
  An iguana (D:5)
  18 gnolls
  4 adders
  A shadow imp (D:6)
  3 white imps
  A worm (D:3)
  2 dart slugs
  17 orcs
  A ball python (D:4)
  9 endoplasms
  2 giant cockroaches (D:4)
  2 goblins (D:1)
  3 hobgoblins
  4 jackals (D:3)
  8 kobolds
  6 quokkas
  2 bats
  13 frilled lizards
  4 rats
130 creatures vanquished.

Vanquished Creatures (others)
  A plant (D:5)
1 creature vanquished.

Grand Total: 131 creatures vanquished

Notes
Turn   | Place    | Note
-------+----------+-------------------------------------------
     0 | D:1      | iguanaiguana the Minotaur Cinder Acolyte began the quest
                  | for the Orb.
     0 | D:1      | Reached XP level 1. HP: 19/19 MP: 1/1
   253 | D:1      | Reached XP level 2. HP: 26/26 MP: 2/2
   665 | D:2      | Reached skill level 5 in Axes
   963 | D:2      | Reached XP level 3. HP: 31/31 MP: 3/3
  1419 | D:2      | Found a faded altar of an unknown god.
  1690 | D:3      | Reached XP level 4. HP: 35/39 MP: 4/4
  2262 | D:3      | You fall into a shaft and drop 1 floor!
  2757 | D:4      | Found a bloodstained altar of Trog.
  2766 | D:4      | Reached XP level 5. HP: 41/45 MP: 5/5
  3266 | D:4      | Identified the +10 long sword of Ziul Ann {venom, rC+ Str-4
                  | Dex+5}
  3403 | D:5      | Entered Level 5 of the Dungeon
  3413 | D:5      | Identified the amulet of Jaett {RegenMP rF+ Slay+3}
  3565 | D:5      | Noticed an ogre
  3572 | D:5      | Killed an ogre
  3573 | D:5      | Reached XP level 6. HP: 49/51 MP: 6/6
  3806 | D:5      | Noticed Edmund
  3816 | D:5      | Killed Edmund
  3817 | D:5      | Reached skill level 5 in Long Blades
  3875 | D:5      | Noticed an ice beast
  3884 | D:5      | Reached XP level 7. HP: 57/57 MP: 7/7
  4526 | D:6      | Found a sacrificial altar of Ru.
  4711 | D:6      | Found a staircase to the Ecumenical Temple.
  4728 | D:6      | Reached skill level 1 in Armour
  5003 | D:6      | Identified the +0 robe "Agelirgh" {Str+4}
  5173 | D:6      | Reached XP level 8. HP: 55/64 MP: 8/8
  5399 | D:6      | Reached skill level 5 in Armour
  5574 | D:6      | Reached skill level 4 in Fighting
  5579 | D:6      | Reached skill level 5 in Fighting
  5582 | D:6      | Reached skill level 6 in Fighting
  5585 | D:6      | Reached skill level 7 in Fighting
  6146 | D:6      | Found a shimmering altar of Xom.
  6213 | D:6      | Found a shimmering altar of Xom.
  6272 | D:6      | Found a shimmering altar of Xom.
  6273 | D:6      | Found a shimmering altar of Xom.
  6341 | D:7      | Reached skill level 8 in Fighting
  6341 | D:7      | Reached XP level 9. HP: 76/81 MP: 9/9
  6585 | D:7      | Reached skill level 9 in Fighting
  6592 | D:7      | Slain by a wight

Illustrated notes

Levels and vault maps discovered:
D:1:      lemuel_arrival_broad_hall, layout_loops_ring
D:2:      layout_basic, shapermc_ecumenical_altar_mp_vishouse
D:3:      layout_loops_ring, minmay_misc_feat_tiny, kennysheep_generic_room_2
D:4:      layout_loops_ring, trog_butcher_becter
D:5:      layout_loops_corners, minmay_lizard_king, uniq_edmund
D:6:      layout_layer_cave, xom_redecorated, mainiacjoe_overflow_catwalk,
          minmay_temple_entry_statues_pillars
D:7:      layout_rooms, biasface_ghost_orc_armoury, uniq_crazy_yiuf_cottage

Skill      XL: |  1  2  3  4  5  6  7  8  9 |
---------------+----------------------------+-----
Axes           | 4 5 6 7 |  7.5
Long Blades    | 4 5 8 |  8.0
Armour         | 3 6 |  6.0
Fighting       | 8 9 |  9.2
Spellcasting   | |  1.0
Fire Magic     | |  2.1

Action                   |  1- 3 |  4- 6 |  7- 9 || total
-------------------------+-------+-------+-------++-------
Melee: Hand axe          |    43 |       |       ||    43
       Headbutt          |     9 |    13 |    15 ||    37
       Punch             |     1 |     1 |     1 ||     3
       War axe           |    18 |    92 |       ||   110
       Long sword        |       |    21 |   102 ||   123
Throw: Dart              |       |     3 |       ||     3
  Use: Scroll            |       |       |     4 ||     4
Armor: Robe              |     3 |       |       ||     3
       Ring mail         |    15 |    37 |    25 ||    77
Dodge: Dodged            |    31 |    56 |    44 ||   131

Table legend: (Time is in decaauts)
 A = Elapsed time spent in this place.
 B = Non-inter-level travel time spent in this place.
 C = Inter-level travel time spent in this place.
 D = Time resting spent in this place.
 E = Time spent auto-exploring this place.
 F = Levels seen in this place.
 G = Mean time per level.
                   A        B        C        D        E       F      G
               +--------+--------+--------+--------+--------+-----+--------+
         Total |   6617 |   6416 |    201 |    791 |   4825 |   7 |  945.3 |
       Dungeon |   6617 |   6416 |    201 |    791 |   4825 |   7 |  945.3 |
               +--------+--------+--------+--------+--------+-----+--------+

Top non-repeatable levels by time:
     D:6: 1811 daAuts
     D:4: 1149 daAuts
     D:5: 1111 daAuts
     D:2: 977 daAuts
     D:1: 656 daAuts
     D:3: 639 daAuts
     D:7: 271 daAuts
